Map: Prion Terraces

Players

김태푱 - Winner!

  • Race: Terran Terran
  • League: Diamond

ILLBdA

  • Race: Protoss Protoss
  • League: Diamond

VOD

Have the link to the VOD?

Description

Time

  • Played on: Dec. 14, 2015, 7:17 a.m.
  • Length: 6:03
Show
View Real Time Build Order
Export as new Build Order

김태푱 Terran - Winner!

Build Orders:  

Get SALT Encoding   

  12  0:00  SCV  
  13  0:13  SCV  
  14  0:17  Supply Depot  
  14  0:25  SCV  
  15  0:39  SCV  
  15  0:40  Barracks  
  16  0:46  Refinery  
  16  0:51  SCV  
  17  1:00  Refinery  
  17  1:03  SCV  
  18  1:15  SCV  
  19  1:28  Orbital Command  
  19  1:29  Reaper  
  20  1:35  Supply Depot  
  20  1:46  Factory  
  20  1:55  SCV  
  21  2:02  Barracks Reactor  
  21  2:07  SCV  
  22  2:19  SCV  
  23  2:25  Barracks  
  23  2:28  Barracks  
  23  2:31  SCV  
  23  2:47  Factory Tech Lab  
  23  2:48  Starport  
  23  2:50  Marine x2  
  25  2:53  SCV  
  26  2:59  Supply Depot  
  26  3:07  Marine x2  
  26  3:12  Siege Tank  
  31  3:20  Marine  
  31  3:21  Marine  
  31  3:25  Marine  
  34  3:27  Starport Tech Lab  
  34  3:33  Supply Depot, Marine  
  35  3:38  Marine x2  
  37  3:55  Siege Tank  
  40  3:59  Raven, Marine x2  
  43  4:11  Supply Depot  
  43  4:15  Marine x2  
  45  4:23  Marine x2  
  47  4:33  Siege Tank  
  47  4:34  Supply Depot, Marine x2  
  52  4:47  Raven  
  52  4:49  Marine  
  55  4:55  Marine  
  55  4:59  Marine  
  57  5:01  Supply Depot  
Show
View Real Time Build Order
Export as new Build Order

ILLBdA Protoss 

Build Orders: 1 Gate Expand 

Get SALT Encoding   

  12  0:01  Probe (Chrono Boost)  
  13  0:11  Probe (Chrono Boost)  
  14  0:22  Probe (Chrono Boost), Pylon  
  15  0:40  Probe (Chrono Boost)  
  15  0:42  Gateway  
  16  0:43  Assimilator  
  16  0:50  Probe (Chrono Boost)  
  17  1:01  Probe (Chrono Boost)  
  18  1:11  Probe (Chrono Boost)  
  19  1:19  Nexus  
  19  1:22  Probe (Chrono Boost)  
  20  1:32  Cybernetics Core  
  20  1:37  Assimilator  
  20  1:40  Probe (Chrono Boost)  
  21  1:49  Pylon  
  21  1:51  Probe (Chrono Boost)  
  23  2:01  Probe (Chrono Boost)  
  25  2:08  Adept (Chrono Boost)  
  25  2:09  Warp Gate  
  25  2:12  Probe (Chrono Boost)  
  26  2:24  Mothership Core (Chrono Boost)  
  28  2:42  Probe (Chrono Boost)  
  27  2:47  Stalker  
  27  2:48  Probe (Chrono Boost)  
  30  2:53  Probe (Chrono Boost)  
  31  2:59  Probe (Chrono Boost)  
  31  3:02  Pylon  
  31  3:03  Probe (Chrono Boost)  
  33  3:07  Robotics Facility  
  33  3:09  Probe (Chrono Boost)  
  34  3:14  Probe (Chrono Boost)  
  36  3:20  Probe (Chrono Boost)  
  36  3:25  Probe (Chrono Boost), Gateway  
  37  3:29  Gateway  
  37  3:38  Gateway  
  37  3:41  Probe (Chrono Boost)  
  38  3:43  Probe (Chrono Boost)  
  39  3:59  Warp Prism (Chrono Boost)  
  39  4:02  Probe  
  40  4:06  Assimilator  
  41  4:10  Assimilator  
  41  4:16  Adept  
  43  4:17  Probe  
  43  4:21  Pylon  
  44  4:25  Adept  
  46  4:41  Probe  
  46  4:42  Immortal (Chrono Boost), Twilight Council  
  46  4:44  Pylon  
  51  4:48  Probe  
  51  4:50  Pylon  
  52  4:58  Probe  
  53  5:14  Adept x2  
  53  5:15  Adept x2  
  57  5:41  Gateway  
  57  5:42  Sentry x3  
  63  5:43  Gateway  
Tags
 
Add a new tag
Caveats
  • Supply blocks, unpowered buildings, or Contaminate may cause inaccurate times.
  • Supply counts are checked every 10 seconds.